[Event "44th Chess Olympiad Women 2022"]
[Site "Chennai"]
[Date "2022.08.08"]
[Round "10.38"]
[White "Abrorova, Sabrina"]
[Black "Suleiman Azumi Ayisha"]
[Result "1/2-1/2"]
[WhiteElo "1799"]
[BlackElo "1833"]
[Annotator "NA RC"]
[PlyCount "169"]
[EventDate "2022.??.??"]
[TimeControl "60"]

1. d4 Nf6 2. Nf3 g6 3. c4 Bg7 4. Nc3 O-O 5. e4 d6 6. Be2 Nbd7 7. O-O e5 8. Be3 Ng4 9. Bg5 f6 10. Bd2 Nh6 11. d5 a5 12. a3 Nf7 13.
Ne1 c6 14. dxc6 bxc6 15. Be3 Qe7 16. b4 f5 17. f3 f4 18. Bf2 axb4 19. axb4 Bb7 20. Nc2 Rfc8 21. Qd2 h5 22. Ra5 Rxa5 23. bxa5 Ra8 24. Rb1 Nc5 25. Bxc5 dxc5 26. Na4 Bf8 27. Ne1 Ba6 28. Qc3 h4 29. h3 Qg5 30. Nd3 Bc8 31. Nf2 Qg3 32. Nb6 Rb8 33. Nh1 Qg5 34. Kf1 Nd8 35.
Ra1 Ba6 36. Nf2 Ne6 37. Kg1 Nd4 38. Bf1 Bd6 39. Ra2 Bc7 40.
Ng4 Qe7 41. Rb2 Kg7 42. Na4 Rxb2 43. Nxb2 Qd8 44. Qa3 Ne6 45. Kh2 Qd2 46. Nd3 Qxa5 47. Qxa5 Bxa5 48. Ndxe5 Nd4 49. Nd7 Bb4 50. Bd3 Bc8 51. Ndf6 Kf7 52. e5 Bf5 53. Bxf5 gxf5 54. Nf2 Ke6 55. Nd3 Nc2 56. Nh5 Bd2 57. Nhxf4+ Bxf4+ 58. Nxf4+ Kxe5 59. Ng6+ Kf6 60. Nxh4 Ne3 61. g4 fxg4 62. hxg4 Nxc4 63. Kg3 Nb2 64. f4 c4 65. g5+ Kf7 66. Kf3 c3 67. Ke2 c5 68. f5 c4 69. Nf3 Nd3 70.
Kd1 Nf2+ 71. Kc2 Ne4 72. g6+ Kf6 73. Nd4 Kg7 74. Ne6+ Kg8 75.
g7 Kf7 76. Kc1 Nf6 77. Kc2 Nd5 78. Ng5+ Kxg7 79. Ne4 Kf7 80. Nxc3 Ne3+ 81. Kb2 Nxf5 82. Ka3 Ke6 83. Kb4 Ne3 84. Nd1 Nxd1 85. Kxc4 1/2-1/2

[Event "44th Chess Olympiad Women 2022"]
[Site "Chennai"]
[Date "2022.08.08"]
[Round "10.38"]
[White "Enomah Emmanuella Trust"]
[Black "Antonova, Nadezhda"]
[Result "0-1"]
[WhiteElo "1901"]
[BlackElo "1832"]
[Annotator "NA RC"]
[PlyCount "142"]
[EventDate "2022.??.??"]
[TimeControl "60"]

1. c4 Nf6 2. g3 g6 3. Bg2 Bg7 4. Nc3 O-O 5. e4 d6 6. Nge2 c5 7. O-O Nc6 8. d3 a6 9. h3 Rb8 10. f4 Ne8 11. f5 b5 12. cxb5 axb5 13.
Rb1 b4 14. Nd5 e6 15. Ne3 Ba6 16. Nf4 Nc7 17. Ng4 Re8 18. f6 Bf8 19. Ne2 Ne5 20. Nh6+ Kh8 21. Bg5 Qd7 22. Nf4 d5 23. Qd2 dxe4 24. Bxe4 Red8 25. Rbd1 Qd4+ 26. Qf2 Qxf2+ 27. Kxf2 Ne8 28. Ke3 Nd6 29. b3 Bb7 30. g4 Rd7 31. Bxb7 Nxb7 32. Rf2 Na5 33. Rfd2 Nac6 34. Ne2 Rbd8 35. Ke4 Rd5 36. Bf4 R8d7 37. d4 cxd4 38. Nxd4 g5 39. Nxf7+ Nxf7 40. Nxc6 gxf4 41. Rxd5 exd5+ 42. Kxf4 Rd6 43.
Nxb4 Rxf6+ 44. Kg3 Bd6+ 45. Kg2 Bxb4 46. Rxd5 Be1 47. Rd1 Bh4 48. Rd2 Ng5 49. b4 Be1 50. Rb2 Rb6 51. a3 Kg7 52. Re2 Bh4 53.
Rb2 Kf6 54. Rb3 Ke5 55. b5 Kd4 56. a4 Kc5 57. Rc3+ Kb4 58.
Rc6 Ka5 59. Kf1 Rxc6 60. bxc6 Kb6 61. Ke2 Kxc6 62. Ke3 Nxh3 63. Ke4 Ng5+ 64. Kf5 Kb6 65. Kf6 Ka5 66. Kg7 Be1 67. Kh6 Bd2 68. Kg7 Kxa4 69. Kh6 Kb5 70. Kh5 Kc4 71. Kh4 Kd5 0-1

[Event "44th Chess Olympiad Women 2022"]
[Site "Chennai"]
[Date "2022.08.08"]
[Round "10.38"]
[White "Hotami, Mutriba"]
[Black "Onoja, Iyefu Joy"]
[Result "0-1"]
[WhiteElo "1846"]
[BlackElo "1869"]
[Annotator "NA RC"]
[PlyCount "118"]
[EventDate "2022.??.??"]
[TimeControl "60"]

1. e4 e6 2. d4 d5 3. Nc3 Bb4 4. e5 c5 5. a3 Bxc3+ 6. bxc3 Qc7 7. Nf3 Nc6 8. Be3 Bd7 9. Bd3 Nge7 10. O-O c4 11. Be2 Nf5 12. Qd2 f6 13.
exf6 gxf6 14. Bf4 Qa5 15. a4 O-O-O 16. Rfb1 Nce7 17. Rb4 Ng6 18. Rab1 Bc6 19. Bf1 Rde8 20. g3 Nxf4 21. Qxf4 Qc7 22. Qxc7+ Kxc7 23. a5 Nd6 24. Re1 Ne4 25. Bh3 Re7 26. Re3 b6 27. axb6+ axb6 28. Nh4 Bd7 29. Bg2 Ra8 30. Bxe4 dxe4 31. Rxc4+ Kb7 32. f3 Ra1+ 33. Kf2 Rc1 34. fxe4 Rxc2+ 35. Kf3 Rxh2 36. d5 exd5 37. exd5 Rxe3+ 38. Kxe3 b5 39. Rf4 f5 40. Nxf5 Bxf5 41. Rxf5 Kb6 42. Kd4 Rd2+ 43. Ke5 Kc5 44. Ke6 Rd3 45. Re5 Rxg3 46. d6+ Kc6 47. Rh5 Rxc3 48. Rxh7 Re3+ 49. Kf5 Kxd6 50. Kf4 Re8 51. Rh5 Kc6 52. Rg5 b4 53. Rh5 Re7 54. Rg5 b3 55. Rg3 Rb7 56. Rg1 b2 57. Rb1 Kc5 58. Ke3 Kc4 59. Kd2 Kb3 0-1

[Event "44th Chess Olympiad Women 2022"]
[Site "Chennai"]
[Date "2022.08.08"]
[Round "10.38"]
[White "Ogbiyoyo, Perpetual Eloho"]
[Black "Saidova, Rukhshona"]
[Result "1/2-1/2"]
[WhiteElo "1886"]
[BlackElo "1624"]
[Annotator "NA RC"]
[PlyCount "61"]
[EventDate "2022.??.??"]
[TimeControl "60"]

1. e4 e5 2. Nf3 Nc6 3. d4 exd4 4. Bc4 Bb4+ 5. c3 dxc3 6.
O-O d6 7. a3 c2 8. Qxc2 Ba5 9. b4 Bb6 10. Qb3 Qe7 11. Bg5 Nf6 12. Nc3 Be6 13.
Nd5 Bxd5 14. exd5 Ne5 15. Nxe5 dxe5 16. Bb5+ c6 17. dxc6 O-O 18. cxb7 Qxb7 19. Qa4 Qe7 20. Rad1 Bd4 21. Qa6 Rad8 22. Bxf6 Qxf6 23. Qxf6 gxf6 24. Rd3 f5 25. Rfd1 Rd6 26. Kf1 Rc8 27. Ke2 Rc2+ 28. R1d2 Rxd2+ 29. Rxd2 f4 30. Bd3 Kg7 31. Be4 1/2-1/2

[Event "44th Chess Olympiad Women 2022"]
[Site "Chennai"]
[Date "2022.08.08"]
[Round "10.39"]
[White "Antonio, Renelsa Taiane"]
[Black "Leung, Hoi Ting"]
[Result "1-0"]
[WhiteElo "1471"]
[BlackElo "1277"]
[Annotator "NA RC"]
[PlyCount "117"]
[EventDate "2022.??.??"]
[TimeControl "60"]

1. e4 e6 2. Nc3 d5 3. exd5 exd5 4. d4 Nf6 5. Nf3 Be6 6. Be3 c6 7. Bd3 Bd6 8. Ne2 Qc7 9. c3 Nbd7 10. Qc2 h6 11. h3 Rc8 12. Qd2 c5 13.
dxc5 Bxc5 14. Ned4 Bxd4 15. Nxd4 a6 16. Bf5 Nc5 17. Nxe6 Nxe6 18. O-O Qc6 19. Rad1 Rd8 20. Rfe1 O-O 21. f3 Qd6 22. Qf2 Qc6 23.
Qg3 Kh8 24. Qh4 Qc4 25. Qxc4 dxc4 26. Bxe6 fxe6 27. Bc5 Rxd1 28. Rxd1 Rc8 29. Bd4 Rd8 30. Re1 Rd6 31. Kf2 Kg8 32. Re2 Kf7 33. f4 Rd5 34. Kf3 Nd7 35. g4 g6 36. Kg3 Rb5 37. h4 Rd5 38.
Kf3 Rb5 39. Ke4 Nf6+ 40. Bxf6 Kxf6 41. g5+ hxg5 42. hxg5+ Ke7 43. Rd2 Rc5 44. Rh2 Kd6 45. Rh6 Rb5 46. Rxg6 Rxb2 47. f5 Re2+ 48. Kf3 Re1 49. f6 Ke5 50. Kf2 Re4 51. Kg3 b5 52. f7 Re3+ 53. Kf2 Rxc3 54. f8=Q Rc2+ 55. Ke3 Rc3+ 56. Kd2 Rd3+ 57. Kc2 Re3 58. Qc5+ Kf4 59. Rf6+ 1-0

[Event "44th Chess Olympiad Women 2022"]
[Site "Chennai"]
[Date "2022.08.08"]
[Round "10.39"]
[White "Deng, Jing Xin Crystal"]
[Black "Caxita, Esperanca"]
[Result "0-1"]
[WhiteElo "1914"]
[BlackElo "1955"]
[Annotator "NA RC"]
[PlyCount "144"]
[EventDate "2022.??.??"]
[TimeControl "60"]

1. d4 d5 2. c4 c6 3. Nf3 Nf6 4. Nc3 e6 5. Bg5 Nbd7 6. e3 Qa5 7. cxd5 Nxd5 8.
Qd2 Bb4 9. Rc1 N7b6 10. e4 Nxc3 11. bxc3 Ba3 12. Rb1 O-O 13. Be2 f6 14. Bh4 Bd7 15. O-O Bd6 16. e5 Be7 17. Qc2 Rae8 18.
exf6 Bxf6 19. Bxf6 Rxf6 20. Ne5 Bc8 21. Bd3 g6 22. Ng4 Rf4 23.
Bxg6 Re7 24. Bxh7+ Rxh7 25. Qg6+ Rg7 26. Nf6+ Rxf6 27. Qxf6 Nd5 28. Qe5 Qxc3 29. Rb3 Qa5 30. Qb8 Qc7 31. Qxa7 Nf4 32. g3 Ne2+ 33. Kg2 Qd8 34. Qc5 Qxd4 35. Qxd4 Nxd4 36. Ra3 Bd7 37. f4 c5 38. Rc1 b6 39. Ra8+ Kh7 40. Rb8 Ne2 41. Rf1 b5 42. Kf2 Nc3 43.
a3 c4 44. Ke3 Kg6 45. Kd4 Ne2+ 46. Ke3 Nc3 47. Kd4 Na4 48. Re1 Kf6 49. Re5 Bc6 50. Rf8+ Ke7 51. Rc8 Kd7 52. Rf8 Kc7 53. Rxe6 Rd7+ 54. Ke3 c3 55. f5 Nb6 56. Rff6 Nd5+ 57. Kd3 Nxf6+ 58. Kxc3 Ne4+ 59. Kb2 Rd2+ 60. Kc1 Rxh2 61. g4 Rg2 62. Rg6 Rf2 63. Rg7+ Kd6 64. Rf7 Bd7 65. Rf8 Rg2 66. f6 Rxg4 67. f7 Ke7 68. Rd8 Rf4 69. Rb8 Rxf7 70.
a4 bxa4 71. Kb2 Rf3 72. Rb4 a3+ 0-1

[Event "44th Chess Olympiad Women 2022"]
[Site "Chennai"]
[Date "2022.08.08"]
[Round "10.39"]
[White "Junior, Ednasia"]
[Black "Li, Joy Ching"]
[Result "1/2-1/2"]
[WhiteElo "1849"]
[BlackElo "1386"]
[Annotator "NA RC"]
[PlyCount "84"]
[EventDate "2022.??.??"]
[TimeControl "60"]

1. e4 c5 2. Nf3 g6 3. d4 cxd4 4. Nxd4 Nc6 5. c4 Nf6 6. Nc3 Nxd4 7. Qxd4 d6 8. Be2 Bg7 9. Be3 O-O 10. Qd2 Be6 11. O-O Qa5 12. f3 Rfc8 13.
b3 a6 14. Rac1 b5 15. Nd5 Qxd2 16. Bxd2 Bxd5 17. exd5 Rab8 18.
Rfe1 Kf8 19. Kf2 Nd7 20. Rc2 Rb7 21. Rec1 Rbc7 22. Ke3 Bh6+ 23. f4 Nb6 24. Bd3 bxc4 25. bxc4 Na4 26. Rb1 Nc5 27. Rb6 Bxf4+ 28. Kxf4 Nxd3+ 29. Ke4 Nc5+ 30. Kd4 Kg7 31.
Bb4 Rb7 32. Rxb7 Nxb7 33. Rb2 Nc5 34. Ba3 Nd7 35. Rb7 Ne5 36.
c5 Kf6 37. cxd6 Rc4+ 38. Ke3 Rc3+ 39. Ke2 exd6 40. Bxd6 Rc2+ 41. Kf1 Rc1+ 42. Ke2 Rc2+ 1/2-1/2

[Event "44th Chess Olympiad Women 2022"]
[Site "Chennai"]
[Date "2022.08.08"]
[Round "10.39"]
[White "Lam, Ka Yan"]
[Black "Paulo, Jemima"]
[Result "0-1"]
[WhiteElo "1223"]
[BlackElo "1850"]
[Annotator "NA RC"]
[PlyCount "70"]
[EventDate "2022.??.??"]
[TimeControl "60"]

1. e4 c5 2. Nf3 d6 3. d4 cxd4 4. Nxd4 Nf6 5. Nc3 g6 6. Be3 Bg7 7. f3 O-O 8. Qd2 Nc6 9. Bc4 Bd7 10. O-O-O Rc8 11. Bb3 Ne5 12. h4 Nc4 13. Bxc4 Rxc4 14. g4 Qa5 15. h5 Rfc8 16. hxg6 fxg6 17. Kb1 b5 18. Nb3 Qd8 19. g5 Nh5 20. Qd5+ Kh8 21. f4 b4 22. f5 bxc3 23. fxg6 hxg6 24. Qf7 Qe8 25. Qf3 Bc6 26. Nd4 cxb2 27. Rdg1 Bxd4 28. Bxd4+ Rxd4 29. Rxh5+ gxh5 30. g6 Kg7 31.
Qxh5 Qh8 32. Qf5 Rf8 33. Qe6 Qh4 34. Rg4 Qe1+ 35. Kxb2 Rb4+ 0-1

[Event "44th Chess Olympiad Women 2022"]
[Site "Chennai"]
[Date "2022.08.08"]
[Round "10.40"]
[White "Shaba, Linda Dalitso"]
[Black "Punsalan, Vyanla M"]
[Result "1/2-1/2"]
[WhiteElo "1658"]
[BlackElo "1895"]
[Annotator "NA RC"]
[PlyCount "108"]
[EventDate "2022.??.??"]
[TimeControl "60"]

1. Nf3 d5 2. d4 Nf6 3. g3 Bf5 4. Bg2 e6 5. O-O h5 6. Bg5 Be7 7. c4 Ne4 8. Bxe7 Qxe7 9. cxd5 exd5 10. Nc3 c6 11. h4 f6 12. Qc1 Rg8 13.
Qf4 Bh7 14. Rac1 Nd7 15. Nxe4 dxe4 16. Nd2 g5 17. hxg5 fxg5 18. Qe3 Nf6 19. Qa3 Qxa3 20. bxa3 Rd8 21. e3 h4 22. Rc5 Rd5 23. Rfc1 Kd8 24. R1c3 hxg3 25. fxg3 Bf5 26. Rc1 Nd7 27. R5c3 Re8 28. Rf1 Bg6 29. Bh3 Rf8 30. Rxf8+ Nxf8 31. Bg2 Rb5 32. Rb3 Bf7 33. Rxb5 cxb5 34. Nxe4 Bxa2 35. Nxg5 a5 36. Kf1 b6 37. Ke2 Bc4+ 38. Kd2 b4 39. axb4 axb4 40. Be4 Ke7 41. Bd3 b5 42. Nf3 Nd7 43. g4 b3 44. Bxc4 bxc4 45. Kc3 Nf6 46. Kxc4 Nxg4 47. e4 Nf2 48. Nd2 b2 49. e5 Ke6 50. Kb3 Ne4 51. Nb1 Kd5 52. Kxb2 Kxd4 53. e6 Ke5 54. e7 Nd6 1/2-1/2

[Event "44th Chess Olympiad Women 2022"]
[Site "Chennai"]
[Date "2022.08.08"]
[Round "10.40"]
[White "Yu, Weiyang"]
[Black "Mudodo, Refiloe Hazel"]
[Result "0-1"]
[WhiteElo "1504"]
[BlackElo "1604"]
[Annotator "NA RC"]
[PlyCount "70"]
[EventDate "2022.??.??"]
[TimeControl "60"]

1. e4 e6 2. d4 d5 3. Nc3 dxe4 4. Nxe4 Bd7 5. Nf3 Bc6 6. Neg5 Bd6 7. Nxf7 Kxf7 8. Ng5+ Ke7 9. Bc4 Qe8 10. Nxe6 Qg6 11. Ng5 Nh6 12. O-O Kd8 13. Bd3 Qf6 14. Re1 Kc8 15. Ne4 Bxe4 16. Bxe4 c6 17. Bxh6 Qxh6 18. Qg4+ Kc7 19. g3 Nd7 20. Qd1 Nf6 21. Bg2 Rae8 22. Qd3 Ng4 23. h3 Nf6 24. d5 Nxd5 25. Bxd5 cxd5 26. Qxd5 Qxh3 27. Rad1 Rxe1+ 28. Rxe1 Qd7 29. Re3 Re8 30. Rb3 Kb8 31. Rd3 Re1+ 32. Kg2 Re6 33. Qf5 Qc6+ 34. Kg1 Re1+ 35. Kh2 Qh1# 0-1

[Event "44th Chess Olympiad Women 2022"]
[Site "Chennai"]
[Date "2022.08.08"]
[Round "10.40"]
[White "Zengeni, Tatenda Melisa"]
[Black "Thurner, Anya"]
[Result "0-1"]
[WhiteElo "1553"]
[BlackElo "1619"]
[Annotator "NA RC"]
[PlyCount "52"]
[EventDate "2022.??.??"]
[TimeControl "60"]

1. d4 d5 2. e3 Nf6 3. f4 Bf5 4. Nf3 c5 5. c3 Qc7 6. Be2 Nc6 7. O-O e6 8. Ne5 Bd6 9. Nd2 h5 10. Ndf3 Ne4 11. Nxc6 Qxc6 12. Ne5 Bxe5 13. fxe5 O-O-O 14. Bd2 f6 15. exf6 gxf6 16. Bf3 Ng5 17. Be1 Rdg8 18. dxc5 Nxf3+ 19. Rxf3 Bg4 20. Kf2 Bxf3 21. Qxf3 Qxc5 22. Ke2 Qb5+ 23. Kd1 Qxb2 24. Rc1 Rxg2 25. c4 d4 26. Qf1 dxe3 0-1

[Event "44th Chess Olympiad Women 2022"]
[Site "Chennai"]
[Date "2022.08.08"]
[Round "10.40"]
[White "Zhang, Jasmine Haomo"]
[Black "Charinda, Kudzanayi"]
[Result "0-1"]
[WhiteElo "1972"]
[BlackElo "1719"]
[Annotator "NA RC"]
[PlyCount "76"]
[EventDate "2022.??.??"]
[TimeControl "60"]

1. d4 Nf6 2. c4 e6 3. Nc3 b6 4. e4 Bb4 5. f3 Bb7 6. Nge2 O-O 7. a3 Be7 8. Be3 d6 9. h4 Nbd7 10. h5 c5 11. d5 exd5 12. cxd5 Ne5 13. Ng3 Bc8 14. Qd2 a6 15. a4 Ne8 16. Kd1 f5 17. Nxf5 Bxf5 18. exf5 Rxf5 19. Bd3 Nxd3 20. Qxd3 Qd7 21. Kc2 Bf6 22. f4 Bxc3 23. bxc3 Nf6 24. c4 Rxh5 25. Rxh5 Nxh5 26. Bd2 Qg4 27. Qe4 Ng3 28. Qf3 Qg6+ 29. Qd3 Nf5 30. Rb1 b5 31. Kb2 bxc4 32. Qc2 Qxg2 33. Ka3 Qxd5 34. Bc3 Nd4 35. Qd2 Qe4 36. Rb6 d5 37. Rb7 Nc2+ 38. Kb2 d4 0-1

[Event "44th Chess Olympiad Women 2022"]
[Site "Chennai"]
[Date "2022.08.08"]
[Round "10.41"]
[White "Diaz Cesar, Wilsaida Pieranlly"]
[Black "Ranasinghe, S D.."]
[Result "1-0"]
[WhiteElo "1834"]
[BlackElo "1687"]
[Annotator "NA RC"]
[PlyCount "57"]
[EventDate "2022.??.??"]
[TimeControl "60"]

1. Nf3 Nf6 2. e3 e6 3. c4 d5 4. b3 Be7 5. Bb2 O-O 6. Nc3 c5 7. cxd5 Nxd5 8. Qc2 Nb4 9. Qb1 Bf6 10. a3 N4c6 11. h4 Ne5 12. Ng5 Bxg5 13.
hxg5 Ng6 14. Ne4 Nd7 15. Qd1 f5 16. Qh5 Kf7 17. Qxh7 Nde5 18. Bxe5 Nxe5 19. g6+ Nxg6 20. Rh6 Ne5 21. Rf6+ Ke8 22. Qxg7 Nf7 23. Ng5 Qe7 24. Nh7 Bd7 25. Rc1 b6 26. Bc4 b5 27. Bxe6 Ne5 28.
Rxf8+ Qxf8 29. Qxf8# 1-0

[Event "44th Chess Olympiad Women 2022"]
[Site "Chennai"]
[Date "2022.08.08"]
[Round "10.41"]
[White "Gamage, Desandhi Dhihansa"]
[Black "Munoz Santana, Doribel"]
[Result "1-0"]
[WhiteElo "1561"]
[BlackElo "1851"]
[Annotator "NA RC"]
[PlyCount "77"]
[EventDate "2022.??.??"]
[TimeControl "60"]

1. e4 d5 2. exd5 Qxd5 3. Nc3 Qd8 4. d4 Nf6 5. Nf3 Bg4 6. h3 Bxf3 7. Qxf3 c6 8. Be3 e6 9. Bd3 Be7 10. Ne2 Nd5 11. Bd2 Nd7 12. c4 Nb4 13.
Bb1 Nf6 14. a3 Na6 15. O-O O-O 16. Bc3 Nc7 17. Qd3 g6 18. Bc2 Nce8 19. b4 Qc7 20. Qf3 Nh5 21. a4 Bg5 22. Rab1 Bh6 23. b5 f5 24. Bb3 Nhf6 25. bxc6 bxc6 26. d5 c5 27. dxe6 Ne4 28. Ng3 N8f6 29. Bxf6 Nxf6 30. Rfe1 Rfe8 31. Re2 Rad8 32. Rbe1 Rd6 33. Bc2 Bg7 34. Bxf5 gxf5 35. Nxf5 Rb6 36. e7 Qb8 37. Nxg7 Kxg7 38. Re6 Qc7 39. Qxf6+ 1-0

[Event "44th Chess Olympiad Women 2022"]
[Site "Chennai"]
[Date "2022.08.08"]
[Round "10.41"]
[White "Gonzalez Peguero, Mary Loly"]
[Black "Abeysinghe, H M H Janandani"]
[Result "1/2-1/2"]
[WhiteElo "1666"]
[BlackElo "1516"]
[Annotator "NA RC"]
[PlyCount "62"]
[EventDate "2022.??.??"]
[TimeControl "60"]

1. Nf3 c5 2. d3 g6 3. g3 Bg7 4. Bg2 Nc6 5. c3 e6 6. e4 Nge7 7. O-O O-O 8. Be3
b6 9. Nbd2 d5 10. d4 Ba6 11. Re1 cxd4 12. cxd4 Rc8 13. Qa4 Bb7 14. e5 Qe8 15. Rac1 a6 16. Qb3 Qd8 17. a3 Na5 18. Qd3 Qd7 19. b4 Nac6 20. h4 Nf5 21. Bg5 Na7 22.
Nf1 Rxc1 23. Rxc1 Rc8 24. Rxc8+ Bxc8 25. Qd2 Bf8 26. g4 Ne7 27. Bh6 Qe8 28. Bg5 Qa4 29. Bh6 Qe8 30. Bg5 Qa4 31. Bh6 Qe8 1/2-1/2

[Event "44th Chess Olympiad Women 2022"]
[Site "Chennai"]
[Date "2022.08.08"]
[Round "10.41"]
[White "Wickramasinghe, Minethma Lasandi"]
[Black "Rosario Almanzar, Raydily"]
[Result "1-0"]
[WhiteElo "1541"]
[BlackElo "1882"]
[Annotator "NA RC"]
[PlyCount "72"]
[EventDate "2022.??.??"]
[TimeControl "60"]

1. e4 c5 2. Nf3 e6 3. d4 cxd4 4. Nxd4 a6 5. c4 Nf6 6. Nc3 Qc7 7. a3 b6 8. Be3 Bb7 9. f3 Be7 10. Be2 d6 11. O-O Nbd7 12. Rc1 O-O 13.
b4 Rac8 14. Qd2 Qb8 15. Kh1 h5 16. Bf2 Ne5 17. Na4 Bd8 18.
Rfd1 d5 19. exd5 exd5 20. c5 b5 21. Nc3 Bc7 22. Nf5 Ng6 23.
Bg3 Bxg3 24. hxg3 Rcd8 25. Bd3 Bc8 26. Nd6 Ne7 27. Bb1 Be6 28.
Qg5 Nc8 29. Nxc8 Qxc8 30. Ne2 Rfe8 31. Nf4 Qc7 32. Rd4 a5 33. Bd3 Rb8 34. Kh2 Kf8 35. Nxh5 Nxh5 36. Qxh5 Ke7 1-0

[Event "44th Chess Olympiad Women 2022"]
[Site "Chennai"]
[Date "2022.08.08"]
[Round "10.42"]
[White "Andre, Chineva Rufino"]
[Black "Sovetbekova, Nurai"]
[Result "0-1"]
[WhiteElo "1171"]
[BlackElo "1693"]
[Annotator "NA RC"]
[PlyCount "70"]
[EventDate "2022.??.??"]
[TimeControl "60"]

1. e4 c5 2. Nf3 d6 3. Nc3 Nf6 4. Bc4 e6 5. O-O Be7 6. d4 cxd4 7. Nxd4 a6 8.
Re1 b5 9. Bd3 Qc7 10. Bg5 Nbd7 11. f4 Qb6 12. Nce2 e5 13. fxe5 dxe5 14. c3 O-O 15. Kh1 Ng4 16. Qd2 Bxg5 17. Qxg5 Nf2+ 18. Kg1 Nxd3 19. Rf1 Bb7 20. Qe3 Nxb2 21. Rf3 Nc4 22. Qd3 exd4 23. cxd4 Nde5 24. Qb3 Nxf3+ 25. Qxf3 Nd2 26. Qg4 Nxe4 27. Rf1 Rad8 28. h3 Qg6 29. Qf4 Nc3 30. Ng3 Qxg3 31. Qd2 Rxd4 32. Qc2 Rfd8 33. a3 Rd2 34. Qxd2 Rxd2 35. Re1 Qxg2# 0-1

[Event "44th Chess Olympiad Women 2022"]
[Site "Chennai"]
[Date "2022.08.08"]
[Round "10.42"]
[White "Castro, Neusa Aridas De"]
[Black "Zairbek kyzy, Begimai"]
[Result "0-1"]
[WhiteElo "1531"]
[BlackElo "1949"]
[Annotator "NA RC"]
[PlyCount "74"]
[EventDate "2022.??.??"]
[TimeControl "60"]

1. e4 c6 2. Nc3 d5 3. exd5 cxd5 4. d4 Nc6 5. Nf3 Bg4 6. Be2 e6 7. Bf4 Bb4 8. O-O Nf6 9. Nb5 O-O 10. a3 Be7 11. h3 Bh5 12. Nc3 Rc8 13.
Nh2 Bg6 14. Be3 Na5 15. Bd3 Nc4 16. Rb1 Nxb2 17. Rxb2 Rxc3 18. Bxg6 hxg6 19. Rxb7 Rxa3 20. Qb1 Bd6 21. Nf3 Ne4 22. c4 Nc3 23. Qd3 Qc8 24. Bc1 dxc4 25. Qc2 Ra2 26. Qxc3 Qxb7 27. Qxc4 Ra1 28. Qd3 Rc8 29. Be3 Rxf1+ 30. Kxf1 a5 31. Nd2 Rc1+ 32. Ke2 Qxg2 33. Qb5 Bb4 34. Qe8+ Kh7 35. Qxf7 Bxd2 36. Bxd2 Qe4+ 37. Be3 Rc2+ 0-1

[Event "44th Chess Olympiad Women 2022"]
[Site "Chennai"]
[Date "2022.08.08"]
[Round "10.42"]
[White "Samaganova, Alexandra"]
[Black "Vilhete, Vania Fausto Da T."]
[Result "1/2-1/2"]
[WhiteElo "1864"]
[BlackElo "1701"]
[Annotator "NA RC"]
[PlyCount "156"]
[EventDate "2022.??.??"]
[TimeControl "60"]

1. c4 Nf6 2. Nc3 e5 3. Nf3 Nc6 4. a3 d5 5. cxd5 Nxd5 6. Qc2 Nb6 7. e3 a6 8. b4 Bg4 9. Be2 Be7 10. Bb2 Qd6 11. b5 Bxf3 12. Bxf3 axb5 13. Nxb5 Qd7 14. O-O O-O 15. Rfc1 Ra5 16. Be2 Rd8 17. Bc3 Raa8 18. Rcb1 Na4 19. d3 Nxc3 20. Qxc3 Bf6 21. Ra2 Qe7 22. Rc2 g6 23. h3 Bg7 24. Qc4 Kh8 25. Bf3 Ra6 26. Be2 Rb6 27. Rcc1 Rd7 28. a4 h6 29. Qa2 Nb4 30. Qb3 Nc6 31. Qc3 Ra6 32. Bd1 Qd8 33.
Bc2 Kh7 34. Na3 Ra7 35. Nc4 f6 36. Rb5 Ne7 37. Rcb1 Nd5 38.
Qe1 c6 39. R5b2 Bf8 40. Bd1 Bc5 41. Bc2 Ne7 42. Rd1 Nc8 43.
Rd2 Qe7 44. Qb1 f5 45. Bd1 Qe6 46. Qc2 Bf8 47. Qc3 Bg7 48. Qb4 Qe7 49. Qb3 e4 50. Ra2 exd3 51. Rxd3 Rxd3 52. Qxd3 b5 53. Nd2 Nb6 54. a5 Nd5 55. Qa3 b4 56. Qc1 Nc3 57. Rc2 Rxa5 58. Nb3 Rd5 59. Rd2 Rxd2 60. Qxd2 Nxd1 61. Qxd1 c5 62. Qd5 Qe5 63. Qxe5 Bxe5 64. Nxc5 Bd6 65. Nb3 Kg7 66. Kf1 Kf6 67. Ke2 Ke5 68. Kd3 Kd5 69. f3 Be5 70. Nd2 Kc5 71. Nb3+ Kb5 72. Nd2 g5 73. Nb3 f4 74. e4 h5 75. Nd2 Kc5 76. Nb3+ Kb5 77. Nd2 Kc5 78. Nb3+ Kb5 1/2-1/2

[Event "44th Chess Olympiad Women 2022"]
[Site "Chennai"]
[Date "2022.08.08"]
[Round "10.42"]
[White "Sezdbekova Aizhan"]
[Black "Naira Sinoia"]
[Result "1-0"]
[WhiteElo "1615"]
[BlackElo "1116"]
[Annotator "NA RC"]
[PlyCount "163"]
[EventDate "2022.??.??"]
[TimeControl "60"]

1. e4 e5 2. Nf3 Nc6 3. Bc4 h6 4. c3 d6 5. d4 exd4 6. cxd4 Nf6 7. Nc3 Bg4 8. Be3 Be7 9. Qb3 O-O 10. Qxb7 Na5 11. Qa6 c6 12. Be2 Bc8 13. Qd3 Rb8 14. Rb1 Be6 15. d5 cxd5 16. exd5 Bg4 17. Bxa7 Rb7 18. Be3 Qc8 19. Nd4 Bxe2 20. Ndxe2 Nc4 21. b3 Nxe3 22. Qxe3 Ng4 23. Qg3 Bf6 24. h3 Re8 25. O-O Ne5 26. Rbc1 Qd8 27. Ne4 Bh4 28. Qc3 Ng6 29. N4g3 Rbe7 30. Nf5 Re5 31. Neg3 Nf4 32. Nxh4 Qxh4 33. Rfe1 Nxd5 34. Qd2 Qf4 35. Qa5 Nb4 36. Rxe5 Qxc1+ 37. Kh2 Rxe5 38. Qxb4 Qc5 39. Qf4 Qc2 40. Qd4 Qxa2 41. Qxd6 Re6 42. Qd8+ Kh7 43. Qd3+ g6 44. Qf3 Kg8 45. Ne4 Qb2 46. Qd3 Qe5+ 47. Ng3 Rd6 48. Qf3 Rf6 49. Qe4 Qb2 50. f3 Qxb3 51. Qa8+ Kh7 52. Ne4 Rf4 53. Qd8 Qe6 54. Qc7 Rf5 55. Qd6 Qe5+ 56. Qxe5 Rxe5 57. Nf6+ Kg7 58. Ng4 Re2 59. f4 h5 60. Ne5 Kf6 61. Nf3 Re3 62. Ng5 Kf5 63. Nxf7 Kxf4 64. Nh8 g5 65. Ng6+ Kf5 66. Nf8 g4 67. hxg4+ hxg4 68. Nd7 g3+ 69. Kh3 Kf4 70. Nf6 Re5 71. Kh4 Rg5 72. Nh5+ Rxh5+ 73. Kxh5 Ke3 74. Kg4 Kf2 75. Kh3 Ke3 76. Kxg3 Ke4 77. Kg4 Ke5 78. Kg5 Ke6 79. Kg6 Ke7 80. g4 Kf8 81. Kh7 Kf7 82. g5 1-0

[Event "44th Chess Olympiad Women 2022"]
[Site "Chennai"]
[Date "2022.08.08"]
[Round "10.43"]
[White "Mazariegos, Silvia Carolina"]
[Black "Mongeli, Sasha"]
[Result "1/2-1/2"]
[WhiteElo "1851"]
[BlackElo "1672"]
[Annotator "NA RC"]
[PlyCount "110"]
[EventDate "2022.??.??"]
[TimeControl "60"]

1. e4 c6 2. d4 d5 3. e5 Bf5 4. c4 e6 5. Nc3 Nd7 6. a3 Bg6 7. h4 h5 8. Nge2 Bf5 9. Ng3 dxc4 10. Nxf5 exf5 11. Bxc4 Nb6 12. Ba2 Ne7 13. Bg5 Qd7 14. Bxe7 Bxe7 15. Qb3 O-O 16. O-O-O Rad8 17. g3 Qc8 18. Rhe1 Nd5 19. Nxd5 cxd5+ 20. Kb1 Qd7 21. Rc1 b5 22. Re2 a5 23. Rec2 a4 24. Qf3 b4 25. Rc7 Qe8 26. axb4 Bxb4 27. Rb7 Rb8 28. Qxd5 a3 29. Rcc7 Rxb7 30. Rxb7 Qa4 31. Bb3 Qa5 32. Rb5 Qa6 33. Qb7 Qxb7 34. Rxb7 Be1 35. bxa3 Bxf2 36. Rd7 Bxg3 37. a4 Bxh4 38. a5 Ra8 39. Rxf7 Kh7 40. Rxf5 Kg6 41. Rf3 Rxa5 42. d5 Be7 43. Kb2 Rc5 44. Re3 Kf5 45. d6 Bg5 46. e6 Bxe3 47. e7 Re5 48. d7 Bd4+ 49. Kc1 Rxe7 50. d8=Q Bf6 51. Qd5+ Re5 52. Qf3+ Kg5 53. Bf7 Kh6 54. Qd3 Rg5 55. Qe3 Be5 1/2-1/2

[Event "44th Chess Olympiad Women 2022"]
[Site "Chennai"]
[Date "2022.08.08"]
[Round "10.43"]
[White "Natareno, Elvia"]
[Black "Mutisya, Jully"]
[Result "0-1"]
[WhiteElo "1581"]
[BlackElo "1428"]
[Annotator "NA RC"]
[PlyCount "102"]
[EventDate "2022.??.??"]
[TimeControl "60"]

1. Nf3 Nf6 2. d4 g6 3. e3 Bg7 4. Bd3 d6 5. b3 O-O 6. Bb2 Nc6 7. a3 e5 8. dxe5 dxe5 9. Nxe5 Nxe5 10. Bxe5 Qd5 11. Bxf6 Qxg2 12. Bxg7 Qxh1+ 13. Kd2 Qxd1+ 14. Kxd1 Kxg7 15. Nc3 Bg4+ 16.
Kd2 c6 17. Rg1 Be6 18. h4 h5 19. Ne2 Rad8 20. Nf4 Bg4 21. Rg3 Kh8 22. Kc3 Rd6 23. f3 Bd7 24. e4 Rf6 25. Ng2 Re6 26. Nf4 Rf6 27. Ng2 Re8 28.
f4 Rfe6 29. Re3 c5 30. Ne1 Bc6 31. e5 Rd8 32. Nf3 Bxf3 33. Rxf3 Kg7 34. b4 cxb4+ 35. axb4 f6 36. exf6+ Rxf6 37. Kc4 Rdf8 38. Rg3 Rxf4+ 39. Kb5 R8f6 40. Rh3 Rd6 41. Kc5 Rdf6 42. Re3 Rxh4 43. Re7+ Rf7 44. Re6 Rg4 45. c4 Rc7+ 46. Kb5 h4 47. c5 h3 48. Re3 Rh4 49. Re1 h2 50.
Rh1 g5 51. Be2 Kg6 0-1